 Dungeon Crawl Stone Soup version 0.25-a0-341-g6f074c887a (webtiles) character file.

Game seed: 9064359156560483961, levelgen mode: deterministic

241303 Error4North the Peltast (level 19, -7/165 HPs)
             Began as a Hill Orc Fighter on Dec 28, 2019.
             Was a High Priest of Okawaru.
             Mangled by Cigotuvi's Monster (20 damage)
             ... in a wizard's laboratory on Dec 30, 2019.
             The game lasted 05:20:15 (39279 turns).

Error4North the Peltast (Hill Orc Fighter)         Turns: 39279, Time: 05:20:18

Health: -7/165     AC: 40    Str: 28    XL:     19   Next: 35%
Magic:  27/32      EV: 10    Int: 10    God:    Okawaru [*****.]
Gold:   457        SH: 24    Dex: 14    Spells: 11/36 levels left

rFire    + + .     SeeInvis +   D - +8 broad axe "Hueggaf" {freeze, rN+ Str+4}
rCold    + . .     Gourm    .   T - +2 shield of Resistance {rF+ rC+ MR+}
rNeg     + . .     Faith    .   W - +4 plate armour of Starshine {rElec rF+ Int-3 Dex+4}
rPois    .         Spirit   .   d - +2 helmet {SInv}
rElec    +         Reflect  +   r - +2 cloak
rCorr    .         Harm     .   c - +1 pair of gloves of Iqunihad {Int+2}
MR       ++...                  I - +2 pair of boots
Stlth    ..........             l - +5 amulet of reflection
HPRegen  0.37/turn              N - ring of the Stag {Wiz +Fly Slay+2}
MPRegen  0.23/turn              m - +4 ring of protection

@: lethally poisoned (-7 -> -76), heroism, finesse, very slightly contaminated,
hasted, constricted, very quick
A: hooves 1, see invisible
}: 2/15 runes: decaying, gossamer
a: Heroism, Finesse, Renounce Religion, Evoke Flight


You were in a wizard's laboratory.
You worshipped Okawaru.
Okawaru was extremely pleased with you.
You were not hungry.

You visited 8 branches of the dungeon, and saw 33 of its levels.
You visited 1 bazaar.
You also visited: Ice Cave and Wizlab.

You collected 2896 gold pieces.
You spent 2439 gold pieces at shops.

Inventory:

Hand Weapons
 v - a +0 fustibalus of flaming
 D - the +8 broad axe "Hueggaf" (weapon) {freeze, rN+ Str+4}
   (You acquired it on level 2 of the Orcish Mines)

   It has been specially enchanted to freeze those struck by it, causing extra
   injury to most foes and up to half again as much damage against particularly
   susceptible opponents.
   It can also slow down cold-blooded creatures.
   It affects your strength (+4).
   It protects you from negative energy.
 L - the +6 war axe of Equivalence {flame, Int+2}
   (You found it on level 2 of the Lair of Beasts)

   It has been specially enchanted to burn those struck by it, causing extra
   injury to most foes and up to half again as much damage against particularly
   susceptible opponents.
   Big, fiery blades are also staple armaments of hydra-hunters.
   It affects your intelligence (+2).
 Y - a +4 hunting sling of electrocution
Missiles
 k - 11 silver javelins (quivered)
 G - 168 sling bullets
Armour
 c - the +1 pair of gloves of Iqunihad (worn) {Int+2}
   (Okawaru gifted it to you on level 4 of the Spider Nest)

   It affects your intelligence (+2).
 d - a +2 helmet of see invisible (worn)
 r - a +2 cloak (worn)
 I - a +2 pair of boots (worn)
 T - the +2 shield of Resistance (worn) {rF+ rC+ MR+}
   (You found it on level 8 of the Dungeon)

   It protects you from fire.
   It protects you from cold.
   It affects your resistance to hostile enchantments.
 W - the +4 plate armour of Starshine (worn) {rElec rF+ Int-3 Dex+4}
   (You bought it in a shop on level 2 of the Orcish Mines)

   It affects your intelligence (-3).
   It affects your dexterity (+4).
   It protects you from fire.
   It insulates you from electricity.
Jewellery
 l - a +5 amulet of reflection (around neck)
 m - a +4 ring of protection (right hand)
 y - an uncursed ring of resist corrosion
 H - an uncursed ring of positive energy
 K - an uncursed ring of poison resistance
 N - the ring of the Stag (left hand) {Wiz +Fly Slay+2}
   (You bought it in a shop in a bazaar)

   [ring of wizardry]

   It improves your spell success rate.
   It affects your accuracy and damage with ranged weapons and melee attacks
   (+2).
   It lets you fly.
Wands
 i - a wand of acid (15)
 n - a wand of enslavement (32)
 C - a wand of disintegration (30)
 F - a wand of paralysis (48)
 M - a wand of random effects (51)
 O - a wand of flame (42)
 Q - a wand of polymorph (12)
 X - a wand of iceblast (34)
Scrolls
 a - a scroll of amnesia
 b - 17 scrolls of remove curse
 e - 8 scrolls of teleportation
 h - 2 scrolls of enchant armour
 j - 5 scrolls of fear
 p - 6 scrolls of immolation
 q - 4 scrolls of identify
 A - a scroll of summoning {unknown}
 J - 6 scrolls of blinking
 U - 2 scrolls of fog
Potions
 g - 6 potions of ambrosia
 o - 2 potions of curing
 s - 2 potions of haste
 u - 3 potions of heal wounds
 w - a potion of brilliance
 z - 6 potions of lignification
 B - 19 potions of mutation
 P - 3 potions of berserk rage
 V - 2 potions of cancellation
 Z - a potion of resistance
Miscellaneous
 t - a lamp of fire (inert)
 x - a sack of spiders
 E - a fan of gales
 R - a box of beasts
 S - a phial of floods
Comestibles
 f - 38 rations


   Skills:
 * Level 13.6(18.6) Fighting
 + Level 16.0(21.0) Axes
 + Level 5.7(11.0) Slings
 + Level 2.7(9.6) Throwing
 * Level 12.4(17.4) Armour
 + Level 2.9(7.9) Dodging
 - Level 2.0(7.0) Stealth
 * Level 16.2(21.2) Shields
 * Level 9.0 Spellcasting
 * Level 8.6 Hexes
 * Level 7.8 Charms
 * Level 8.9 Necromancy
 * Level 6.4 Translocations
 * Level 11.8 Invocations
 + Level 6.1 Evocations


You had 11 spell levels left.
You knew the following spells:

 Your Spells              Type           Power        Failure   Level  Hunger
a - Infusion              Chrm           ###.         1%          1    None
b - Shroud of Golubria    Chrm/Tloc      ###...       2%          2    #......
c - Song of Slaying       Chrm           ###.....     1%          2    #......
d - Regeneration          Chrm/Necr      ###.......   3%          3    ##.....
e - Spectral Weapon       Hex/Chrm       ###.....     3%          3    ##.....
f - Vampiric Draining     Necr           ###.......   2%          3    ##.....
g - Corona                Hex            ###....      1%          1    None
h - Tukima's Dance        Hex            ###.....     2%          3    ##.....
i - Blink                 Tloc           N/A          3%          2    #......
j - Confuse               Hex            ###.....     2%          3    ##.....
k - Slow                  Hex            ###.....     1%          2    #......

Your spell library contained the following spells:

 Spells                   Type           Power        Failure   Level  Hunger
 Animate Skeleton         Necr           N/A          1%          1    None
 Pain                     Necr           ###.         1%          1    None
 Ensorcelled Hibernation  Hex/Ice        ##....       9%          2    #......
 Animate Dead             Necr           N/A          9%          4    ####...
 Swiftness                Chrm/Air       ##......     10%         2    #......
 Dazzling Flash           Conj/Hex       ##....       16%         3    ##.....
 Ozocubu's Armour         Chrm/Ice       ##......     19%         3    ##.....
 Recall                   Summ/Tloc      N/A          24%         3    ##.....
 Beastly Appendage        Tmut           #.....       30%         1    None
 Freeze                   Ice            #...         30%         1    None
 Magic Dart               Conj           #...         30%         1    None
 Shock                    Conj/Air       #...         30%         1    None
 Call Imp                 Summ           #.......     41%         2    #......
 Passwall                 Tmut/Erth      #.......     41%         2    #......
 Sticks to Snakes         Tmut           #.......     41%         2    #......
 Conjure Flame            Conj/Fire      #.......     65%         3    ##.....
 Ignite Poison            Fire/Tmut/Pois #.......     65%         3    ##.....
 Mephitic Cloud           Conj/Pois/Air  #.......     65%         3    ##.....
 Spider Form              Tmut/Pois      #.........   65%         3    ##.....
 Static Discharge         Conj/Air       #.......     65%         3    ##.....
 Borgnjor's Vile Clutch   Necr/Erth      ##........   77%         5    ######.
 Metabolic Englaciation   Hex/Ice        ##........   80%         5    ######.
 Summon Mana Viper        Hex/Summ       ##......     80%         5    ######.
 Summon Forest            Summ/Tloc      ##........   89%         5    ######.
 Airstrike                Air            #.........   95%         4    ####...
 Hailstorm                Conj/Ice       #.......     95%         4    ####...
 Ice Form                 Ice/Tmut       #.......     95%         4    ####...
 Sticky Flame             Conj/Fire      #.......     95%         4    ####...
 Summon Ice Beast         Ice/Summ       #.......     95%         4    ####...
 Summon Lightning Spire   Summ/Air       #.......     95%         4    ####...
 Aura of Abjuration       Summ           #.........   100%        5    ######.
 Blade Hands              Tmut           #.........   100%        5    ######.
 Fireball                 Conj/Fire      #.........   100%        5    ######.
 Irradiate                Conj/Tmut      #.........   100%        5    ######.
 Lightning Bolt           Conj/Air       #.........   100%        5    ######.
 Summon Demon             Summ           #.........   100%        5    ######.
 Eringya's Noxious Bog    Tmut/Pois      #.........   100%        6    #######
 Freezing Cloud           Conj/Ice/Air   #.........   100%        6    #######
 Ozocubu's Refrigeration  Ice            #.........   100%        6    #######
 Shadow Creatures         Summ           N/A          100%        6    #######


Dungeon Overview and Level Annotations

Branches:
Dungeon (12/15)            Temple (1/1) D:7            Lair (6/6) D:8
  Swamp (4/4) Lair:2       Spider (4/4) Lair:3        Slime (1/5) Lair:5
    Orc (2/2) D:12            Elf (3/3) Orc:2         IceCv (visited)
 WizLab (1/1)

Altars:
Ashenzari
Cheibriados
Dithmenos
Elyvilon
Fedhas
Gozag
Hepliaklqana
Kikubaaqudgha
Makhleb
Nemelex Xobeh
Okawaru
Qazlal
Ru
Sif Muna
Trog
Uskayaw
Vehumet
Wu Jian
Xom
Yredelemnul
Zin
The Shining One
Beogh

Shops:
D:11 %   Orc:2 !:?[   Elf:1 (

Portals:
Trove: D:11 (give 13 potions of heal wounds)


Innate Abilities, Weirdness & Mutations

You have large cloven feet.
You have supernaturally acute eyesight. (SInv)


Message History

You feel much better.
You feel sick.
You hit Cigotuvi's Monster but do no damage.
Cigotuvi's Monster is heavily wounded.
You feel sick. Cigotuvi's Monster hits you.
* * * LOW HITPOINT WARNING * * *
You block Cigotuvi's Monster's attack.
Cigotuvi's Monster stings you but does no damage.
* * * LOW HITPOINT WARNING * * *
Cigotuvi's Monster constricts you!!
Press: ? - help, v - describe, . - travel
Here: Cigotuvi's Monster (heavily wounded, constricting you, lightly drained)
An open fleshy orifice.
You feel better.
You slice Cigotuvi's Monster!! You freeze Cigotuvi's Monster.
Cigotuvi's Monster is severely wounded.
You block Cigotuvi's Monster's attack. x2; Cigotuvi's Monster stings you!
* * * LOW HITPOINT WARNING * * *
You are lethally poisoned!
Cigotuvi's Monster poisons you!
You die...

### ### ### ???####.###
#### #∩#
....#.....###...###'####
.......... #.....#...#..
.........# .....u#...#..
.........# .....e#...#u.
.........# .######...##.
....###H## ##..####'#### ?
#.@# #§.§u##...#.. ####
#..# ...§uu#...#..
##..####..# ..§§uu#...#p.
#....##...# ...u##...#o#
#....+...## #..####'####
#....#...# ####.#...#..
##.#####'## ###..#...#ux
######...####....e#...#x.
####.........#....p#...##.


You could see Cigotuvi's Monster.

Vanquished Creatures
  Bai Suzhen (Swamp:3)
  Arachne (Spider:3)
  Rupert (Orc:2)
  Gastronok (Lair:2)
  Agnes (Spider:1)
  3 thorn hunters (Swamp:4)
  Donald (Spider:2)
  2 frost giants
  A deep elf sorcerer (Elf:2)
  Aizul (Spider:4)
  5 ghost moths
  6 emperor scorpions
  A very ugly thing (WizLab)
  3 entropy weavers
  The ghost of LostGamesStreakFreak the Grappler, a journeyman TrFi of Ru (Lair:1)
  Erolcha (D:9)
  Erica (D:11)
  A catoblepas (Lair:1)
  19 hydras
  A merfolk avatar (Lair:6)
  3 shambling mangroves
  15 alligators
  A centaur warrior (Orc:2)
  A two-headed ogre (D:8)
  16 dancing weapons
  3 death yaks
  Urug (Lair:4)
  An iron golem (WizLab)
  13 deep elf knights
  4 spriggan druids
  2 large abominations (WizLab)
  10 swamp dragons
  4 deep elf archers (Elf:1)
  Pikel (D:7)
  2 spectral hydras (Lair:1)
  15 orc knights
  5 ugly things
  12 orb spiders
  29 wolf spiders
  4 manticores
  2 shining eyes (Slime:1)
  3 cyclopes
  16 slime creatures
  27 deep elf magi
  20 elephants
  6 moths of wrath
  2 ice statues
  2 black mambas
  An eye of devastation (Lair:5)
  5 torpor snails
  17 spiny frogs
  A kobold demonologist (D:12)
  4 rime drakes
  A freezing wraith (Lair:3)
  2 ice devils (D:11)
  8 komodo dragons
  8 demonic crawlers
  A wind drake (Lair:6)
  4 trolls
  23 jumping spiders
  A jumping spider (shapeshifter) (WizLab)
  15 polar bears
  A meliai (shapeshifter) (WizLab)
  13 hornets
  12 tyrant leeches
  6 dream sheep (Lair:4)
  8 blink frogs
  9 hippogriffs
  15 bog bodies
  61 redbacks
  4 air elementals
  7 wyverns
  31 tarantellas
  2 spriggans
  A tarantella (shapeshifter) (WizLab)
  2 wraiths
  52 yaks
  4 water elementals
  A shadow (Swamp:4)
  A vampire (D:11)
  3 basilisks
  2 spectral fire crabs (Lair:1)
  4 fire elementals
  A death yak simulacrum (Lair:1)
  A hungry ghost (D:11)
  15 vampire mosquitoes
  A warg (Orc:2)
  14 insubstantial wisps
  17 swamp worms
  21 water moccasins
  5 porcupines
  34 orc warriors
  14 swamp drakes
  14 ice beasts
  2 eyes of draining
  2 sky beasts
  A slave (D:7)
  2 black mamba simulacra (Lair:1)
  12 ogres
  2 phantoms
  2 necrophages
  42 wolves
  4 black bears
  9 centaurs
  6 small abominations (WizLab)
  15 crocodiles
  4 big kobolds
  13 bullfrogs
  2 earth elementals (Elf:1)
  3 gnoll sergeants
  2 scorpions
  10 killer bees
  4 howler monkeys
  6 electric eels
  5 crimson imps
  2 bullfrog zombies
  A centaur zombie (D:12)
  8 orc priests
  2 centaur skeletons
  6 jellies
  A quasit (D:10)
  5 hounds
  2 bullfrog skeletons
  9 orc wizards
  Terence (D:3)
  5 iguanas
  9 worker ants
  A centaur simulacrum (D:11)
  A hound skeleton (D:9)
  A worker ant zombie (D:8)
  Robin (D:3)
  A howler monkey skeleton (D:7)
  21 gnolls
  18 adders
  2 shadow imps
  6 white imps
  2 worker ant simulacra (D:11)
  4 adder skeletons
  A worm (D:3)
  A dart slug (D:3)
  6 leopard geckos
  54 orcs
  6 bats
  5 giant cockroaches
  8 hobgoblins
  12 jackals
  7 kobolds
  5 quokkas
  3 frilled lizards
  15 goblins
  A goblin zombie (D:3)
  2 jackal zombies
  A quokka skeleton (D:8)
  A quokka zombie (D:9)
  4 rats
  4 briar patches (Swamp:4)
  4 fungi
  8 plants
1144 creatures vanquished.

Vanquished Creatures (collateral kills)
  2 dancing weapons (Elf:2)
  An orc high priest (Elf:1)
3 creatures vanquished.

Vanquished Creatures (others)
  An alligator (Swamp:4)
  4 deep elf archers
  A wolf spider (Spider:1)
  2 deep elf magi
  4 polar bears (IceCv)
  7 orc warriors (Orc:2)
  A swamp drake (Swamp:4)
  7 wolves (IceCv)
  9 centaurs
  An orc wizard (D:9)
  A white imp (D:11)
  3 orcs
  A briar patch (Swamp:4)
  15 fungi
  17 plants
  2 spectral weapons
76 creatures vanquished.

Grand Total: 1223 creatures vanquished

Notes
Turn   | Place    | Note
-------+----------+-------------------------------------------
     0 | D:1      | Error4North the Hill Orc Fighter began the quest for the
                  | Orb.
     0 | D:1      | Reached XP level 1. HP: 19/19 MP: 1/1
   328 | D:1      | Reached XP level 2. HP: 27/27 MP: 2/2
   681 | D:2      | Reached XP level 3. HP: 33/33 MP: 3/3
   838 | D:2      | Reached skill level 1 in Spellcasting
  1017 | D:2      | Reached XP level 4. HP: 21/40 MP: 5/5
  1775 | D:3      | Found a shattered altar of Ashenzari.
  1858 | D:3      | Found a runed translucent door.
  1858 | D:3      | Noticed a human
  1862 | D:3      | Found a basalt altar of Yredelemnul.
  1939 | D:3      | Reached XP level 5. HP: 46/46 MP: 6/6
  1941 | D:3      | Noticed Terence
  1955 | D:3      | Killed Terence
  2060 | D:3      | Found a radiant altar of Vehumet.
  2060 | D:3      | Found an opulent altar of Gozag.
  2060 | D:3      | Found a shimmering blue altar of Sif Muna.
  2061 | D:3      | Found a basalt altar of Yredelemnul.
  2186 | D:3      | Noticed Robin
  2223 | D:3      | Killed Robin
  2469 | D:4      | Reached skill level 5 in Axes
  2525 | D:4      | Reached XP level 6. HP: 51/52 MP: 7/7
  3231 | D:5      | Entered Level 5 of the Dungeon
  3503 | D:5      | Reached skill level 1 in Slings
  3680 | D:5      | Noticed a phantom
  3732 | D:5      | Killed a phantom
  3732 | D:5      | Reached skill level 1 in Evocations
  3732 | D:5      | Reached XP level 7. HP: 44/60 MP: 8/10
  3917 | D:5      | Reached skill level 5 in Shields
  4410 | D:6      | Reached skill level 5 in Armour
  4497 | D:6      | Got a warped hand axe
  4499 | D:6      | Identified the cursed +2 hand axe "Ziasie" {venom, +Blink
                  | Str+4 SInv} (You found it on level 6 of the Dungeon)
  4541 | D:5      | Reached XP level 8. HP: 54/67 MP: 11/11
  4739 | D:6      | Reached skill level 5 in Fighting
  5255 | D:7      | Noticed a spriggan baker
  5261 | D:7      | Killed a spriggan baker
  5261 | D:7      | Reached skill level 1 in Throwing
  5362 | D:7      | Found a staircase to the Ecumenical Temple.
  5373 | Temple   | Entered the Ecumenical Temple
  5452 | Temple   | Became a worshipper of Warmaster Okawaru
  5673 | D:7      | Reached XP level 9. HP: 74/74 MP: 13/13
  5754 | D:7      | Found a sacrificial altar of Ru.
  5978 | D:7      | Reached * piety under Okawaru
  6164 | D:7      | Upgraded the game from 0.25-a0-339-gb37b713d4c to
                  | 0.25-a0-340-ga1faa1601d
  6497 | D:7      | Noticed Pikel
  6510 | D:7      | Killed Pikel
  6510 | D:7      | Reached skill level 5 in Evocations
  6614 | D:8      | Reached ** piety under Okawaru
  6756 | D:8      | Found a staircase to the Lair.
  6826 | D:8      | Reached XP level 10. HP: 83/83 MP: 14/16
  6952 | D:8      | Reached skill level 1 in Dodging
  6996 | D:8      | Found a bloodstained altar of Trog.
  7280 | D:8      | Found the +2 shield of Resistance {rF+ rC+ MR+}
  7347 | D:8      | Found a sparkling altar of Nemelex Xobeh.
  7383 | D:8      | Noticed a two-headed ogre
  7396 | D:8      | Killed a two-headed ogre
  7396 | D:8      | Reached *** piety under Okawaru
  7870 | D:9      | Noticed Erolcha
  7871 | D:9      | Found a shattered altar of Ashenzari.
  7880 | D:9      | Killed Erolcha
  7880 | D:9      | Received a gift from Okawaru
  7882 | D:9      | Reached **** piety under Okawaru
  8236 | D:9      | Reached skill level 1 in Invocations
  8294 | D:9      | Reached XP level 11. HP: 85/90 MP: 17/17
  8493 | D:9      | Reached skill level 1 in Stealth
  8770 | D:10     | Entered Level 10 of the Dungeon
  9194 | D:10     | Reached ***** piety under Okawaru
  9674 | D:11     | Noticed a cyan ugly thing
  9705 | D:11     | Killed a cyan ugly thing
  9705 | D:11     | Reached skill level 5 in Spellcasting
  9838 | D:11     | Found a frozen archway.
  9862 | D:11     | Reached skill level 10 in Shields
  9869 | IceCv    | Entered an ice cave
 10384 | IceCv    | Received a gift from Okawaru
 10632 | IceCv    | Reached skill level 10 in Axes
 10716 | IceCv    | Reached XP level 12. HP: 90/101 MP: 20/20
 11015 | IceCv    | Noticed a frost giant
 11015 | IceCv    | Noticed a death yak
 11015 | IceCv    | Noticed a death yak
 11390 | IceCv    | Killed a frost giant
 11390 | IceCv    | Reached skill level 5 in Invocations
 11419 | IceCv    | Killed a death yak
 11432 | IceCv    | Killed a death yak
 11445 | IceCv    | Identified the Reference Book on Flames and the Snowflakes
 11447 | IceCv    | Identified Sif Muna's Disquisition on Damaging Clay
 11521 | D:11     | Found Tuiggom's Food Emporium.
 11532 | D:11     | Noticed Erica
 11562 | D:10     | Received a gift from Okawaru
 12243 | D:11     | Killed Erica
 12531 | D:11     | Found a portal to a secret trove of treasure.
 12583 | D:11     | Learned a level 1 spell: Infusion
 12586 | D:11     | Learned a level 2 spell: Shroud of Golubria
 12589 | D:11     | Learned a level 2 spell: Song of Slaying
 12593 | D:11     | Learned a level 3 spell: Regeneration
 12597 | D:11     | Learned a level 3 spell: Spectral Weapon
 12863 | D:12     | Reached XP level 13. HP: 108/108 MP: 22/22
 12918 | D:12     | Reached skill level 1 in Charms
 12918 | D:12     | Reached skill level 1 in Necromancy
 13096 | D:12     | Found a white marble altar of Elyvilon.
 13355 | D:12     | Reached skill level 1 in Hexes
 13385 | D:12     | Found a staircase to the Orcish Mines.
 13551 | Orc:1    | Entered Level 1 of the Orcish Mines
 13917 | Orc:1    | Found a roughly hewn altar of Beogh.
 14292 | Orc:2    | Entered Level 2 of the Orcish Mines
 14304 | Orc:2    | Reached skill level 1 in Translocations
 14609 | Orc:2    | Found a staircase to the Elven Halls.
 14993 | Orc:2    | Identified a scroll of acquirement
 14994 | Orc:2    | Got a faintly glowing broad axe
 15003 | Orc:2    | Received a gift from Okawaru
 15365 | Orc:2    | Identified the +8 broad axe "Hueggaf" {freeze, rN+ Str+4}
                  | (You acquired it on level 2 of the Orcish Mines)
 15649 | Orc:2    | Found Natuz's Book Shop.
 15649 | Orc:2    | Found Pakyck's Magic Scroll Shoppe.
 15651 | Orc:2    | Found Peissur's Antique Armour Emporium.
 15653 | Orc:2    | Found Suerph's Distillery.
 15661 | Orc:2    | Bought a scroll of brand weapon for 240 gold pieces
 15663 | Orc:2    | Bought a pitted plate armour for 980 gold pieces
 15675 | Orc:2    | Identified the +4 plate armour of Starshine {rElec rF+
                  | Int-3 Dex+4} (You bought it in a shop on level 2 of the
                  | Orcish Mines)
 15728 | Orc:2    | Noticed Rupert
 15735 | Orc:2    | Paralysed by Rupert for 3 turns
 15746 | Orc:2    | Killed Rupert
 16001 | Elf:1    | Entered Level 1 of the Elven Halls
 16362 | Elf:1    | Found Qubu's Antique Weapon Shop.
 16370 | Elf:1    | Reached XP level 14. HP: 78/119 MP: 23/23
 16535 | Elf:1    | Reached ****** piety under Okawaru
 16748 | Elf:1    | Received a gift from Okawaru
 17432 | Lair:1   | Entered Level 1 of the Lair of Beasts
 18082 | Lair:1   | Found a runed translucent gate.
 18082 | Lair:1   | Found a runed translucent gate.
 18082 | Lair:1   | Found a runed translucent gate.
 18087 | Lair:1   | Noticed LostGamesStreakFreak's ghost (journeyman TrFi)
 18138 | Lair:1   | Reached skill level 10 in Fighting
 18172 | Lair:1   | Killed LostGamesStreakFreak's ghost
 18414 | Lair:2   | Received a gift from Okawaru
 18480 | Lair:2   | Noticed Gastronok
 18551 | Lair:2   | Killed Gastronok
 19111 | Lair:2   | Got a translucent war axe
 19131 | Lair:2   | Identified the +6 war axe of Equivalence {flame, Int+2}
                  | (You found it on level 2 of the Lair of Beasts)
 19465 | Lair:2   | Found a staircase to the Swamp.
 19573 | Lair:3   | Reached skill level 10 in Armour
 19873 | Lair:3   | Received a gift from Okawaru
 19889 | Lair:3   | Learned a level 3 spell: Vampiric Draining
 19974 | Lair:3   | Found a hole to the Spider Nest.
 20111 | Lair:3   | Received a gift from Okawaru
 20584 | Lair:4   | Noticed Urug
 20600 | Lair:4   | Killed Urug
 20621 | Lair:4   | Reached XP level 15. HP: 110/128 MP: 22/25
 20643 | Lair:4   | You fall into a shaft and drop 1 floor!
 21233 | Lair:4   | Reached skill level 5 in Necromancy
 21915 | Lair:5   | Found a staircase to the Slime Pits.
 22059 | Lair:5   | Received a gift from Okawaru
 22581 | Lair:6   | Entered Level 6 of the Lair of Beasts
 22635 | Lair:6   | Reached skill level 5 in Hexes
 23326 | Lair:6   | Received a gift from Okawaru
 23351 | Lair:6   | Got a bloodstained war axe {god gift}
 23352 | Lair:6   | Identified the +8 war axe of Big Damage {drain, rPois
                  | Dex+3} (Okawaru gifted it to you on level 6 of the Lair of
                  | Beasts)
 23779 | Lair:6   | Upgraded the game from 0.25-a0-340-ga1faa1601d to
                  | 0.25-a0-341-g6f074c887a
 24032 | Lair:6   | Received a gift from Okawaru
 24346 | Slime:1  | Entered Level 1 of the Pits of Slime
 24356 | Slime:1  | Gained mutation: Your magical capacity is low. (-10% MP) [a
                  | shining eye]
 24359 | Slime:1  | Gained mutation: Your body sometimes deteriorates upon
                  | taking damage. [a shining eye]
 24364 | Slime:1  | Gained mutation: You are frail. (-10% HP) [a shining eye]
 24787 | Spider:1 | Entered Level 1 of the Spider Nest
 24841 | Spider:1 | Noticed Agnes
 24857 | Spider:1 | Killed Agnes
 24857 | Spider:1 | Reached skill level 5 in Charms
 24857 | Spider:1 | Reached XP level 16. HP: 96/123 MP: 24/24
 25022 | Spider:1 | Received a gift from Okawaru
 25988 | Spider:2 | Noticed Donald
 26003 | Spider:2 | Killed Donald
 27150 | Spider:3 | Noticed Arachne
 27406 | Spider:3 | Received a gift from Okawaru
 27890 | Spider:3 | Killed Arachne
 28198 | Spider:3 | Reached skill level 10 in Invocations
 28482 | Spider:4 | Entered Level 4 of the Spider Nest
 28568 | Spider:4 | Reached XP level 17. HP: 80/131 MP: 18/26
 28583 | Spider:4 | Noticed Aizul
 28618 | Spider:4 | Learned a level 1 spell: Corona
 28946 | Spider:4 | Received a gift from Okawaru
 28951 | Spider:4 | Got a pair of slimy gloves {god gift}
 28972 | Spider:4 | Killed Aizul
 28972 | Spider:4 | Reached skill level 15 in Shields
 29014 | Spider:4 | Identified the +1 pair of gloves of Iqunihad {Int+2}
                  | (Okawaru gifted it to you on level 4 of the Spider Nest)
 29911 | Spider:4 | Got a gossamer rune of Zot
 30061 | Spider:4 | Reached skill level 5 in Translocations
 30227 | Spider:4 | Reached skill level 5 in Slings
 30636 | Swamp:1  | Entered Level 1 of the Swamp
 30723 | Swamp:1  | Identified the Guide on Weightlessness and Transmutation
                  | (You acquired it on level 1 of the Swamp)
 30731 | Swamp:1  | Learned a level 3 spell: Tukima's Dance
 30734 | Swamp:1  | Learned a level 2 spell: Blink
 30738 | Swamp:1  | Learned a level 3 spell: Confuse
 30741 | Swamp:1  | Learned a level 2 spell: Slow
 31350 | Swamp:1  | Reached skill level 15 in Axes
 31578 | Swamp:2  | Received a gift from Okawaru
 32050 | Swamp:2  | Reached XP level 18. HP: 128/140 MP: 27/27
 32184 | Swamp:2  | Got a jewelled war axe {god gift}
 32185 | Swamp:2  | Identified the +10 war axe of Blood {vamp, Fragile +Blink
                  | Str+5} (Okawaru gifted it to you on level 2 of the Swamp)
 32345 | Swamp:2  | Lost mutation: Your body sometimes deteriorates upon taking
                  | damage. [potion of mutation]
 32345 | Swamp:2  | Lost mutation: Your magical capacity is low. (-10% MP)
                  | [potion of mutation]
 32345 | Swamp:2  | Lost mutation: You are frail. (-10% HP) [potion of
                  | mutation]
 32345 | Swamp:2  | Gained mutation: You are frail. (-10% HP) [potion of
                  | mutation]
 32345 | Swamp:2  | Gained mutation: You can translocate small distances at
                  | will. [potion of mutation]
 32345 | Swamp:2  | Gained mutation: You are partially covered in rugged brown
                  | scales. (AC +1, +3% HP) [potion of mutation]
 32515 | Swamp:2  | Lost mutation: You are frail. (-10% HP) [potion of
                  | mutation]
 32515 | Swamp:2  | Lost mutation: You are partially covered in rugged brown
                  | scales. (AC +1, +3% HP) [potion of mutation]
 32515 | Swamp:2  | Lost mutation: You can translocate small distances at will.
                  | [potion of mutation]
 32515 | Swamp:2  | Gained mutation: Your spells are a little harder to cast,
                  | but a little more powerful. [potion of mutation]
 32515 | Swamp:2  | Gained mutation: You have large cloven feet. [potion of
                  | mutation]
 32515 | Swamp:2  | Lost mutation: Your spells are a little harder to cast, but
                  | a little more powerful. [potion of mutation]
 32515 | Swamp:2  | Gained mutation: You have supernaturally acute eyesight.
                  | (SInv) [potion of mutation]
 33091 | Swamp:3  | Noticed Bai Suzhen
 33112 | Swamp:3  | Killed Bai Suzhen
 33112 | Swamp:3  | Received a gift from Okawaru
 33599 | Swamp:4  | Entered Level 4 of the Swamp
 34406 | Swamp:4  | Received a gift from Okawaru
 34605 | Swamp:4  | Got a decaying rune of Zot
 36962 | Elf:1    | Received a gift from Okawaru
 37479 | Elf:1    | Bought a runed fustibalus for 594 gold pieces
 37494 | Elf:1    | Received a gift from Okawaru
 37533 | Elf:2    | Found a shimmering altar of Xom.
 37674 | Elf:2    | Found a flickering gateway to a bazaar.
 37684 | Elf:2    | Received a gift from Okawaru
 37701 | Bazaar   | Entered a bazaar
 37708 | Bazaar   | Found Ise Bed's Weapon Emporium.
 37709 | Bazaar   | Found Vefo Tuj's Book Shoppe.
 37730 | Bazaar   | Found Tutwam's Assorted Antiques.
 37730 | Bazaar   | Found Pepsikkix's Food Shop.
 37755 | Bazaar   | Found Foirorph's Jewellery Emporium.
 37762 | Bazaar   | Bought the ring of the Stag {Wiz +Fly Slay+2} for 475 gold
                  | pieces
 37780 | Bazaar   | Found Kushri's Antique Armour Shoppe.
 37785 | Bazaar   | Bought a runed helmet for 150 gold pieces
 37931 | Elf:2    | Found a runed translucent gate.
 37931 | Elf:2    | Found a runed translucent gate.
 37931 | Elf:2    | Found a runed translucent gate.
 37988 | Elf:2    | Reached XP level 19. HP: 120/165 MP: 28/31
 38907 | Elf:3    | Entered Level 3 of the Elven Halls
 39046 | Elf:3    | Found a magical portal.
 39279 | WizLab   | Mangled by Cigotuvi's Monster

Levels and vault maps discovered:
D:1:      lightli_arrival_statuegarden, layout_basic,
          ebering_dispersal_statue_hall
D:2:      layout_basic, first_ration
D:3:      layout_loops_ring, ashenzari_conservatory_becter,
          grunt_temple_overflow_open, dk_yredelemnul_ordeal, uniq_terence,
          uniq_robin
D:4:      layout_cave_pods
D:5:      layout_layer_cave, kennysheep_windowed_goal
D:6:      layout_cave_pools
D:7:      layout_loops_corners, minmay_temple_entry_glass, enter_bailey_2,
          the_bakery, kennysheep_decorative_pillar,
          nicolae_ru_sacrificial_ziggurat, uniq_pikel
D:8:      minmay_blocky_corners, layout_cave_pods, lemuel_crystal_altar,
          trog_ov_bears_minmay, dpeg_oklobed_lair
D:9:      layout_grid_maze, evilmike_ruin_ashenzari, uniq_erolcha
D:10:     layout_cave_pools
D:11:     layout_basic, serial_ice, serial_ice_i, serial_ice_f, serial_ice_c,
          serial_ice_g, serial_ice_a, serial_ice_n,
          portal_ice_cave_demonic_guard, serial_shops, shop,
          nicolae_trove_entry_columns, uniq_erica
D:12:     layout_cave_pools, orc_0_dummy, basic_altar
Temple:   regret_index_temple_generic_petals
Lair:1:   layout_cave_pods, gammafunk_ghost_necromancy
Lair:2:   layout_gridlike, nicolae_swamp_entry_splash_gauntlet, uniq_gastronok
Lair:3:   layout_gridlike, spider_nest_entry_a, ice2_lemuel,
          infiniplex_staircase_pool
Lair:4:   layout_layer_cave, uniq_urug
Lair:5:   layout_loops_ring, minmay_slime_entry_eyes
Lair:6:   gammafunk_lair_ancient_temple, layout_regular_city,
          serial_bayou_ford_a, grunt_forest_large_clearings
Swamp:1:  layout_basic_swamp, nicolae_swamp_dense_foliage
Swamp:2:  layout_basic_swamp, evilmike_swamp_ruin_house_4, swamp_pool4,
          nicolae_swamp_treefoil
Swamp:3:  layout_falls_marsh, evilmike_swamp_ruin_house_2, swamp_pool1,
          uniq_bai_suzhen
Swamp:4:  swamp, layout_basic_swamp
Spider:1: layout_spider_delve, drop_trap, uniq_agnes
Spider:2: layout_spider_delve, uniq_donald
Spider:3: layout_spider_delve, uniq_arachne
Spider:4: grunt_spider_rune_parallel, uniq_aizul
Slime:1:  layout_caves
Orc:1:    layout_diamond_mine, basic_altar, rock_pile
Orc:2:    st_orc_rangers, layout_diamond_mine, uniq_rupert
Elf:1:    layout_geoelf_octagon, special_room [special_room_orc], serial_shops,
          nicolae_shop_overgrown_old_shop, hangedman_corner_corridor
Elf:2:    layout_geoelf_grid, basic_altar, serial_shops, bzr_entry_dummy
Elf:3:    elf_hall, layout_onion_city, mu_enter_wizlab_6,
          gammafunk_ghost_wrathful_warriors, elves_outpost_lemuel
WizLab:   wizlab_cigotuvi

Skill      XL: |  1  2  3  4  5  6  7  8  9 10 11 12 13 14 15 16 17 18 19 |
---------------+----------------------------------------------------------+-----
Armour         | 4 5 6 7 8 9 10 11 12 | 12.4
Spellcasting   | 1 2 3 4 5 6 7 8 9 |  9.0
Axes           | 3 4 5 6 7 8 10 11 12 13 14 15 16 | 16.0
Fighting       | 4 5 6 7 8 9 10 11 12 13 | 13.6
Shields        | 4 5 6 7 9 10 12 13 14 15 16 | 16.2
Slings         | 1 2 3 4 5 |  5.7
Evocations     | 1 3 5 6 |  6.1
Throwing       | 1 2 |  2.7
Dodging        | 1 2 |  2.9
Invocations    | 1 4 6 7 8 9 10 11 | 11.8
Stealth        | 2 |  2.0
Charms         | 2 4 5 6 7 |  7.8
Necromancy     | 3 4 6 7 8 |  8.9
Hexes          | 2 4 5 6 7 8 |  8.6
Translocations | 2 3 4 5 6 |  6.4

Action                   |  1- 3 |  4- 6 |  7- 9 | 10-12 | 13-15 | 16-18 | 19-21 || total
-------------------------+-------+-------+-------+-------+-------+-------+-------++-------
Melee: War axe           |    86 |   197 |    44 |       |    68 |   101 |       ||   496
       Hand axe          |       |       |   250 |   999 |   299 |    78 |       ||  1626
       Hunting sling     |       |       |       |     1 |       |       |       ||     1
       Broad axe         |       |       |       |       |   727 |   997 |   191 ||  1915
 Fire: Hunting sling     |       |    52 |    28 |    85 |   262 |   228 |    10 ||   665
Throw: Stone             |     6 |     1 |       |       |       |       |       ||     7
       Boomerang         |       |     8 |    29 |    42 |    60 |       |       ||   139
       Javelin           |       |       |       |       |     6 |    13 |     1 ||    20
 Cast: Infusion          |       |       |       |       |     1 |       |       ||     1
       Song of Slaying   |       |       |       |       |       |     7 |     1 ||     8
       Regeneration      |       |       |       |       |       |     7 |     2 ||     9
       Shroud of Golubri |       |       |       |       |       |     1 |     1 ||     2
       Spectral Weapon   |       |       |       |       |       |     1 |     1 ||     2
       Corona            |       |       |       |       |       |     1 |       ||     1
       Tukima's Dance    |       |       |       |       |       |       |     1 ||     1
Invok: Heroism           |       |       |       |     8 |    12 |    24 |     6 ||    50
       Finesse           |       |       |       |     2 |     8 |    17 |     5 ||    32
 Abil: Evoke Flight      |       |       |       |     3 |     1 |     1 |       ||     5
       Stop Flying       |       |       |       |     2 |     1 |       |       ||     3
Evoke: Wand              |       |       |       |       |     5 |     5 |     4 ||    14
       Lamp of fire      |       |       |       |       |       |     5 |     1 ||     6
       Fan of gales      |       |       |       |       |       |     1 |       ||     1
       Phial of floods   |       |       |       |       |       |     1 |       ||     1
       Box of beasts     |       |       |       |       |       |       |     1 ||     1
  Use: Scroll            |       |       |     5 |    17 |    22 |    15 |       ||    59
       Potion            |       |       |     1 |    10 |     7 |    15 |     6 ||    39
 Stab: Paralysed         |       |       |       |       |       |     1 |       ||     1
       Distracted        |       |       |       |       |       |       |     1 ||     1
  Eat: Chunk             |       |     9 |     4 |    17 |    18 |    14 |       ||    62
       Ration            |       |       |     2 |     1 |     7 |     9 |     1 ||    20
Armor: Chain mail        |    46 |   105 |   108 |   298 |    55 |       |       ||   612
       Scale mail        |     3 |       |       |       |       |       |       ||     3
       Skin              |       |       |       |     3 |       |       |       ||     3
       Plate armour      |       |       |       |       |   382 |   632 |    53 ||  1067
Dodge: Dodged            |    18 |    19 |    40 |   197 |   236 |   337 |    47 ||   894
Block: Shield            |    69 |   154 |   250 |   948 |  1068 |  1316 |   177 ||  3982
       Reflection        |       |     1 |    13 |    27 |   111 |    23 |     3 ||   178

Table legend:
 A = Non-vault XP
 B = Vault XP
 C = Vault XP percentage of total XP
 D = Non-vault monster count
 E = Vault monster count
 F = Vault count percentage of total count
                 A         B        C        D         E       F
            +---------+---------+-------+---------+---------+-------
      Total |  197627 |  148131 |  42.8 |     791 |     373 |  32.0
            +---------+---------+-------+---------+---------+-------
        D:1 |      22 |       0 |   0.0 |      13 |       0 |   0.0
        D:2 |     113 |       0 |   0.0 |      21 |       0 |   0.0
        D:3 |      79 |      72 |  47.7 |      22 |      14 |  38.9
        D:4 |     141 |       0 |   0.0 |      10 |       0 |   0.0
        D:5 |     667 |      13 |   1.9 |      16 |       1 |   5.9
        D:6 |     756 |       0 |   0.0 |      23 |       0 |   0.0
        D:7 |    1447 |     900 |  38.3 |      30 |       2 |   6.2
        D:8 |    1904 |    1055 |  35.7 |      28 |       6 |  17.6
        D:9 |    1374 |    1018 |  42.6 |      29 |       1 |   3.3
       D:10 |    2601 |     126 |   4.6 |      25 |       1 |   3.8
       D:11 |    4294 |    2334 |  35.2 |      41 |      16 |  28.1
       D:12 |    2796 |       0 |   0.0 |      20 |       0 |   0.0
     Lair:1 |    3971 |    3022 |  43.2 |      18 |       8 |  30.8
     Lair:2 |    5152 |    2908 |  36.1 |      20 |       5 |  20.0
     Lair:3 |    4260 |    3080 |  42.0 |      18 |      16 |  47.1
     Lair:4 |    7270 |     843 |  10.4 |      24 |       1 |   4.0
     Lair:5 |    2627 |     566 |  17.7 |      10 |       2 |  16.7
     Lair:6 |   14990 |   13556 |  47.5 |      49 |      51 |  51.0
    Swamp:1 |   13437 |       0 |   0.0 |      39 |       0 |   0.0
    Swamp:2 |   19622 |       0 |   0.0 |      47 |       0 |   0.0
    Swamp:3 |    5356 |    6839 |  56.1 |      14 |       3 |  17.6
    Swamp:4 |   14092 |   16497 |  53.9 |      33 |      26 |  44.1
   Spider:1 |   17215 |    2021 |  10.5 |      45 |       1 |   2.2
   Spider:2 |   10628 |    1978 |  15.7 |      39 |       1 |   2.5
   Spider:3 |   12998 |    3833 |  22.8 |      36 |       1 |   2.7
   Spider:4 |   14943 |   27009 |  64.4 |      27 |      49 |  64.5
    Slime:1 |    1871 |       0 |   0.0 |       4 |       0 |   0.0
      Orc:1 |    2841 |     142 |   4.8 |      18 |       4 |  18.2
      Orc:2 |    2141 |    8876 |  80.6 |      23 |      40 |  63.5
      Elf:1 |   14670 |   14217 |  49.2 |      26 |      32 |  55.2
      Elf:2 |    7771 |   19346 |  71.3 |      13 |      26 |  66.7
      Elf:3 |    5578 |       0 |   0.0 |      10 |       0 |   0.0
      IceCv |       0 |   11729 | 100.0 |       0 |      50 | 100.0
     WizLab |       0 |    6151 | 100.0 |       0 |      16 | 100.0
            +---------+---------+-------+---------+---------+-------
